 Dungeon Crawl Stone Soup version 0.29-a0-474-gdfe5cd140f (webtiles) character file.

Game seed: 5389736884773219968

86 dolemite99 the Chopper (level 4, 33/33 HPs)
             Began as a Demonspawn Gladiator on May 24, 2022.
             Was a Follower of Sif Muna.
             Quit the game on level 3 of the Dungeon.
             The game lasted 00:02:38 (2404 turns).

dolemite99 the Chopper (Demonspawn Gladiator)       Turns: 2404, Time: 00:02:39

Health: 33/33      AC: 11    Str: 16    XL:     4   Next: 26%
Magic:  4/4        EV:  6    Int:  9    God:    Sif Muna [*.....]
Gold:   160        SH:  3    Dex: 15    Spells: 3/3 levels left

rFire   . . .      SeeInvis .   b - +3 hunting sling (freeze)
rCold   . . .      Faith    .   j - +0 buckler
rNeg    . . .      Spirit   .   v - +0 chain mail
rPois   .          Reflect  .   c - +0 helmet
rElec   .          Harm     .   r - +1 cloak
rCorr   .          Rampage  .   (no gloves)
Will    .....                   (no boots)
Stlth   ..........              (no amulet)
HPRegen 0.11/turn               (no ring)
MPRegen 0.09/turn               (no ring)

@: no status effects
A: weakness stinger 2
a: Renounce Religion, Channel Magic


You were on level 3 of the Dungeon.
You worshipped Sif Muna.
Sif Muna was aware of your devotion.
You visited 1 branch of the dungeon, and saw 3 of its levels.

You collected 160 gold pieces.

Inventory:

Hand Weapons
 a - a +0 war axe
 b - a +3 hunting sling of freezing (weapon)
Missiles
 d - 3 throwing nets
 e - 6 javelins
 m - 3 boomerangs
 u - 14 stones
Armour
 c - a +0 helmet (worn)
 j - a +0 buckler (worn)
 q - a +0 ring mail
 r - a +1 cloak (worn)
 v - a +0 chain mail (worn)
Scrolls
 f - 2 scrolls of immolation {unknown}
 g - 2 scrolls of teleportation {unknown}
 h - 6 scrolls of identify {unknown}
 o - a scroll of enchant armour {unknown}
Potions
 i - 2 potions of berserk rage {unknown}
 k - a potion of mutation {unknown}
 l - 3 potions of lignification {unknown}
 n - a potion of curing {unknown}
 p - a potion of flight {unknown}
 s - a potion of resistance {unknown}
 t - 2 potions of brilliance {unknown}
 w - a potion of attraction {unknown}
 x - a potion of invisibility {unknown}


   Skills:
 - Level 2.0 Fighting
 + Level 4.6 Axes
 + Level 0.5(1.2) Slings
 - Level 1.7(1.8) Throwing
 - Level 2.6 Dodging


You had 3 spell levels left.
You didn't know any spells.
Your spell library was empty.

Dungeon Overview and Level Annotations

Branches:
Dungeon (3/15)

Altars:
Sif Muna
Zin


Innate Abilities, Weirdness & Mutations

You have a tail ending in a sharp stinger.


Message History

The quokka closely misses you.
You shoot a sling bullet.
The sling bullet hits the quokka but does no damage.
The quokka is severely wounded.
The quokka bites you but does no damage. x2
A quokka is nearby!
You shoot a sling bullet. The sling bullet hits the quokka.
The sling bullet freezes the quokka.
You kill the quokka!
No target in view!
No target in view!
You see here a quokka corpse.
A hobgoblin comes into view.
The hobgoblin shouts!
A hobgoblin is nearby!
You shoot a sling bullet. The sling bullet hits the hobgoblin.
The sling bullet freezes the hobgoblin.
You kill the hobgoblin!
No target in view!
No target in view!
Found a faded altar of an unknown god.
You start waiting.
An endoplasm comes into view.
You shoot a sling bullet. The endoplasm quivers.
The sling bullet hits the endoplasm.
The sling bullet freezes the endoplasm.
The endoplasm is almost dead.
You shoot a sling bullet. The sling bullet hits the endoplasm!
The sling bullet freezes the endoplasm.
You kill the endoplasm!
No target in view!
No target in view!
No target in view!
Found a stone staircase leading down.
There is a faded altar of an unknown god here.
You cannot tell which god this altar belongs to.
Convert to them anyway?
Sif Muna accepts your prayer! Sif Muna welcomes you!
You can now call upon Sif Muna for magical energy.
Are you sure you want to abandon this character and quit the game? (Confirm with "yes".)

### ## ..# #.. ...# #..♣
♣...### #.♣.♣.♣....#
#..♣@♣.....#
#.♣.♣.♣....# #
#..♣.♣.....# #####
#..........# #...#
#....##......######...#
....>.......†...........
##.....##....###########
.......##....###########
........................


There were no monsters in sight!

Vanquished Creatures
  An adder (D:2)
  A worm (D:2)
  A dart slug (D:3)
  An orc (D:3)
  8 ball pythons
  7 endoplasms
  7 giant cockroaches
  5 goblins (D:2)
  6 hobgoblins
  2 jackals (D:2)
  3 quokkas
  7 bats
  2 frilled lizards (D:2)
  6 kobolds
  6 rats
63 creatures vanquished.

Notes
Turn   | Place    | Note
-------+----------+-------------------------------------------
     0 | D:1      | dolemite99 the Demonspawn Gladiator began the quest for the
                  | Orb.
     0 | D:1      | Reached XP level 1. HP: 16/16 MP: 1/1
    24 | D:1      | Reached skill level 3 in Axes
   147 | D:1      | Gained mutation: You have a small tail. [demonic ancestry]
   147 | D:1      | Reached XP level 2. HP: 22/22 MP: 2/2
   885 | D:2      | Reached XP level 3. HP: 23/27 MP: 3/3
  1060 | D:2      | Reached skill level 4 in Axes
  1635 | D:2      | Gained mutation: You have a tail ending in a sharp stinger.
                  | [demonic ancestry]
  1635 | D:2      | Reached XP level 4. HP: 28/33 MP: 4/4
  2371 | D:3      | Found a faded altar of an unknown god.
  2403 | D:3      | Prayed at the altar of an unknown god.
  2403 | D:3      | Became a worshipper of Sif Muna the Loreminder
  2403 | D:3      | Reached * piety under Sif Muna
  2404 | D:3      | Quit the game

Illustrated notes

Levels and vault maps discovered:
D:1:      noname_arrival_rooms_in_the_neighbourhood, layout_basic
D:2:      layout_loops_ring
D:3:      layout_basic, lemuel_doored_altar,
          chequers_ecumenical_altar_simple_redux

Skill      XL: |  1  2  3 |
---------------+----------+-----
Axes           | 3 4 |  4.6
Fighting       | |  2.0
Slings         | |  0.5
Throwing       | |  1.7
Dodging        | |  2.6

Action                   |  1- 3 |  4- 6 || total
-------------------------+-------+-------++-------
Melee: War axe           |   110 |       ||   110
       Tailslap          |    11 |       ||    11
 Fire: Hunting sling     |       |    29 ||    29
Throw: Boomerang         |     7 |       ||     7
Armor: Leather armour    |    39 |       ||    39
       Ring mail         |     4 |     5 ||     9
       Chain mail        |       |     7 ||     7
Dodge: Dodged            |    75 |     9 ||    84
Block: Buckler           |    10 |     1 ||    11

Table legend: (Time is in decaauts)
 A = Elapsed time spent in this place.
 B = Non-inter-level travel time spent in this place.
 C = Inter-level travel time spent in this place.
 D = Time resting spent in this place.
 E = Time spent auto-exploring this place.
 F = Levels seen in this place.
 G = Mean time per level.
                   A        B        C        D        E       F      G
               +--------+--------+--------+--------+--------+-----+--------+
         Total |   2466 |   2346 |    120 |    133 |   1664 |   3 |  822.0 |
       Dungeon |   2466 |   2346 |    120 |    133 |   1664 |   3 |  822.0 |
               +--------+--------+--------+--------+--------+-----+--------+

Top non-repeatable levels by time:
     D:2: 967 daAuts
     D:1: 893 daAuts
     D:3: 605 daAuts
